Map: 블루시프트 - 래더

Players

PtitDrogo

  • Race: Protoss Protoss
  • League: Master
  • Spawn Location: 1:00

LiquidTaeJa (TaeJa) - Winner!

  • Race: Terran Terran
  • League: Diamond
  • Spawn Location: 7:00

Event: HomeStory Cup XVIII

VOD

Have the link to the VOD?

Description

Time

  • Played on: Nov. 23, 2018, 1:36 p.m.
  • Length: 9:11

All games in this series

Show
View Real Time Build Order
Export as new Build Order

PtitDrogo Protoss 

Build Orders:  

Get SALT Encoding   

  12  0:00  Probe  
  13  0:13  Probe  
  14  0:17  Pylon  
  14  0:24  Probe  
  15  0:32  Probe  
  15  0:37  Gateway  
  15  0:40  Probe  
  16  0:46  Assimilator  
  17  0:51  Probe  
  18  0:57  Pylon  
  18  1:03  Probe  
  19  1:15  Gateway, Probe  
  20  1:24  Cybernetics Core  
  20  1:27  Probe  
  21  1:34  Zealot  
  23  1:41  Assimilator  
  23  1:42  Probe  
  24  1:52  Stalker  
  24  1:54  Probe  
  24  2:00  Stalker  
  25  2:02  Warp Gate  
  27  2:12  Probe  
  27  2:13  Pylon  
  29  2:35  Stalker x2  
  33  2:44  Pylon  
  33  2:55  Robotics Facility  
  33  3:22  Nexus  
  33  3:26  Probe  
  34  3:35  Stalker  
  34  3:36  Observer  
  34  3:38  Probe  
  38  3:51  Gateway  
  38  3:55  Pylon, Probe  
  38  3:57  Observer  
  40  4:08  Probe  
  41  4:14  Stalker  
  43  4:20  Stalker, Probe  
  46  4:32  Probe  
  46  4:33  Probe  
  48  4:39  Stalker  
  48  4:44  Probe  
  51  4:45  Probe  
  51  4:47  Stalker  
  51  4:49  Observer  
  54  4:53  Stalker  
  55  5:03  Stalker  
  57  5:11  Stalker  
  57  5:12  Immortal  
  57  5:13  Probe x2  
  61  5:25  Probe  
  61  5:26  Pylon  
  65  5:29  Stalker  
  65  5:35  Stalker  
  65  5:46  Probe  
  65  5:47  Probe  
  61  5:54  Twilight Council, Probe  
  61  5:55  Probe  
  61  5:57  Forge  
  61  6:02  Sentry  
  61  6:03  Probe  
  65  6:04  Probe  
  65  6:05  Assimilator  
  65  6:07  Assimilator  
  65  6:10  Pylon  
  67  6:15  Charge, Probe  
  67  6:16  Observer  
  68  6:19  Probe  
  68  6:20  Gateway, Protoss Ground Weapons Level 1  
  70  6:27  Probe  
  70  6:32  Probe  
  72  6:41  Gateway  
  72  6:42  Gateway  
  72  6:44  Gateway  
  72  6:50  Gateway  
  72  6:55  Gateway  
  72  7:03  Warp Prism  
  72  7:13  Probe  
  72  7:14  Shield Battery  
  73  7:21  Nexus  
  73  7:25  Pylon  
  73  7:30  Templar Archives  
  71  7:45  Probe  
  72  7:57  Pylon  
  70  8:00  Zealot x7  
  70  8:01  Zealot  
  86  8:09  Zealot  
  88  8:14  Pylon  
  88  8:18  Pylon  
  88  8:27  High Templar x2  
  88  8:31  Archon  
  88  8:33  High Templar  
  88  8:34  High Templar  
  96  8:39  Archon  
  96  8:43  Zealot  
  96  8:45  High Templar x2  
  96  8:46  Zealot  
  96  8:47  Probe x3  
  107  8:54  Archon  
  105  8:59  Probe  
  96  9:04  Zealot x3  
  96  9:07  Zealot x2  
Show
View Real Time Build Order
Export as new Build Order

LiquidTaeJa Terran - Winner!

Build Orders: Banshee Rush 

Get SALT Encoding   

  12  0:00  SCV  
  13  0:13  SCV  
  14  0:17  Supply Depot  
  14  0:25  SCV  
  15  0:39  SCV  
  15  0:40  Barracks  
  16  0:44  Refinery  
  16  0:51  SCV  
  16  0:55  Refinery  
  17  1:03  SCV  
  18  1:15  SCV  
  19  1:27  Reaper, Orbital Command  
  20  1:35  Supply Depot  
  20  1:53  SCV  
  21  1:58  Factory  
  21  1:59  Reaper  
  22  2:05  SCV  
  22  2:17  SCV  
  23  2:29  SCV  
  24  2:40  Supply Depot  
  24  2:41  SCV  
  24  2:42  Widow Mine  
  27  2:45  Starport  
  27  2:53  SCV  
  28  3:02  Bunker  
  28  3:03  Widow Mine  
  28  3:05  SCV  
  31  3:11  Supply Depot  
  31  3:17  SCV  
  32  3:21  Starport Tech Lab  
  32  3:26  Factory Tech Lab  
  32  3:30  SCV  
  33  3:38  Command Center  
  33  3:39  Banshee  
  33  3:41  Cloaking Field  
  36  3:45  Marine  
  37  3:51  Cyclone  
  37  3:55  SCV  
  41  3:59  Supply Depot  
  41  4:03  Barracks Reactor  
  41  4:09  SCV  
  42  4:22  Raven, SCV  
  45  4:34  Siege Tank  
  45  4:35  SCV  
  49  4:39  Supply Depot  
  49  4:42  Marine x2  
  51  4:49  Orbital Command  
  51  4:51  SCV  
  52  5:01  Marine x2  
  52  5:03  SCV  
  55  5:08  Orbital Command  
  55  5:15  SCV  
  55  5:16  Siege Tank  
  55  5:19  Marine x2  
  59  5:27  SCV  
  60  5:29  Barracks x2  
  60  5:34  Bunker, SCV  
  61  5:39  SCV  
  62  5:46  SCV  
  57  5:50  Siege Tank  
  57  5:51  SCV  
  57  5:54  Engineering Bay  
  61  5:58  SCV  
  61  6:00  Marine  
  61  6:01  Stimpack, Starport Reactor  
  61  6:03  SCV  
  64  6:10  SCV  
  65  6:16  Refinery, SCV  
  65  6:17  Barracks Tech Lab  
  66  6:18  Marine  
  66  6:20  Supply Depot  
  66  6:21  Terran Infantry Weapons Level 1  
  66  6:22  SCV  
  66  6:24  Supply Depot  
  66  6:25  Marine x2  
  68  6:31  Supply Depot  
  68  6:32  Supply Depot  
  70  6:33  Refinery  
  70  6:36  Combat Shield  
  70  6:42  Marine, Marauder, SCV x2  
  70  6:46  Marine x2  
  77  6:49  Missile Turret  
  77  6:54  SCV x2  
  77  6:55  Factory Reactor  
  77  6:58  Command Center  
  79  7:04  Marine x2, Marauder x2  
  85  7:10  Medivac  
  85  7:12  Supply Depot  
  85  7:13  Medivac  
  89  7:22  Marine x2  
  91  7:24  SCV, Barracks  
  91  7:25  Barracks, SCV  
  91  7:27  Marauder  
  95  7:31  Marauder  
  95  7:34  Supply Depot  
  97  7:39  Widow Mine x2  
  97  7:41  Medivac  
  97  7:42  Medivac  
  105  7:44  Marine x2  
  107  7:56  Marauder x2, Concussive Shells  
  107  7:57  SCV x2  
  107  7:58  Supply Depot  
  110  8:01  Widow Mine  
  110  8:02  Widow Mine  
  110  8:03  Marine  
  110  8:04  Marine  
  116  8:12  Orbital Command  
  116  8:14  Barracks Reactor  
  116  8:20  Marauder x2  
  116  8:22  Widow Mine  
  116  8:24  Widow Mine  
  116  8:25  Marine x2  
  127  8:28  Marauder  
  127  8:30  SCV x2  
  127  8:32  Medivac, Orbital Command  
  132  8:40  Missile Turret  
  132  8:42  SCV x2  
  132  8:45  Marine x2  
  136  8:49  Supply Depot x2  
  136  8:54  SCV x2  
Tags
 
Add a new tag
Caveats
  • Supply blocks, unpowered buildings, or Contaminate may cause inaccurate times.
  • Supply counts are checked every 10 seconds.